 Dungeon Crawl Stone Soup version 0.29-a0-506-ga2e7fffb44 (webtiles) character file.

Game seed: 2880012931690399751

438 quokkamancerX the Shooter (level 6, 0/44 HPs)
             Began as a Demonspawn Hunter on May 29, 2022.
             Slain by a gnoll sergeant
             ... wielding a +0 trident
              (14 damage)
             ... on level 5 of the Dungeon.
             The game lasted 00:14:16 (2851 turns).

quokkamancerX the Shooter (Demonspawn Hunter)       Turns: 2851, Time: 00:14:17

Health: 0/44       AC:  6    Str: 12    XL:     6   Next: 69%
Magic:  6/6        EV: 12    Int: 10    God:
Gold:   300        SH:  0    Dex: 18    Spells: 5/5 levels left

rFire   . . .      SeeInvis .   a - +1 shortbow
rCold   . . .      Faith    .   (shield currently unavailable)
rNeg    . . .      Spirit   .   b - +0 leather armour
rPois   .          Reflect  .   (helmet restricted)
rElec   .          Harm     .   (no cloak)
rCorr   .          Rampage  .   w - +0 pair of gloves
Will    .....                   (no boots)
Stlth   +++.......              u - amulet of regeneration
HPRegen 0.94/turn               (no ring)
MPRegen 0.10/turn               (no ring)

@: no status effects
A: antennae 1, thin metallic scales 1, powered by death 1
a: no special abilities


You were on level 5 of the Dungeon.
You visited 1 branch of the dungeon, and saw 5 of its levels.

You collected 300 gold pieces.

Inventory:

Hand Weapons
 a - a +1 shortbow (weapon)
 x - the +10 dagger of the Original Sin {drain, rC+ rCorr Str+2 Dex+3}
   (You found it on level 4 of the Dungeon)

   A truly terrible weapon, it drains the life of any living foe it strikes.
   Str:       It affects your strength (+2).
   Dex:       It affects your dexterity (+3).
   rC:        It protects you from cold.
   rCorr:     It protects you from acid and corrosion.
Missiles
 t - a throwing net
Armour
 b - a +0 leather armour (worn)
 w - a +0 pair of gloves (worn)
Magical Staves
 s - a staff of cold
Jewellery
 h - a ring of wizardry
 u - an amulet of regeneration (around neck)
Wands
 p - a wand of mindburst (10)
Scrolls
 c - 3 scrolls of immolation
 d - 4 scrolls of blinking
 r - a scroll of noise {unknown}
 v - a scroll of enchant armour {unknown}
Potions
 e - a potion of haste
 f - a potion of brilliance {unknown}
 g - 2 potions of resistance
 k - a potion of ambrosia {unknown}
 l - a potion of magic {unknown}
 m - a potion of cancellation {unknown}
 n - 3 potions of lignification
 o - a potion of heal wounds {unknown}
 q - 3 potions of mutation


   Skills:
 - Level 2.0 Fighting
 + Level 5.8 Bows
 - Level 1.7 Dodging
 + Level 4.9 Stealth


You had 5 spell levels left.
You didn't know any spells.
Your spell library contained the following spells:

 Spells                   Type           Power      Damage    Failure   Level
 Ozocubu's Armour         Ice            0%         N/A       82%         3
 Ozocubu's Refrigeration  Ice            0%         4d5       100%        7


Dungeon Overview and Level Annotations

Branches:
Dungeon (5/15)
 Temple: D:4-7

Altars:
Xom

Annotations:
D:4 exclusion: downstairs


Innate Abilities, Weirdness & Mutations

You have a pair of small antennae on your head.
You are partially covered in thin metallic scales. (AC +2)
You regenerate a little health from kills.


Message History

The gnoll sergeant hits you from afar with a +0 trident.
You shoot an arrow.
The arrow hits the gnoll sergeant but does no damage.
The gnoll sergeant is almost dead.
The gnoll sergeant barely misses you.
You shoot an arrow.
The arrow hits the gnoll sergeant but does no damage.
The gnoll sergeant is almost dead.
The gnoll sergeant closely misses you.
The gnoll sergeant hits you from afar with a +0 trident.
You shoot an arrow.
The arrow closely misses the gnoll sergeant.
The gnoll sergeant hits you from afar with a +0 trident.
You shoot an arrow. The arrow hits the gnoll sergeant.
The gnoll sergeant is almost dead.
The gnoll sergeant hits you from afar with a +0 trident!
You shoot an arrow. The gnoll sergeant blocks the arrow.
The gnoll sergeant hits you from afar with a +0 trident!
You are too injured to fight recklessly!
You are too injured to fight recklessly!
Shoot: a) +1 shortbow
Press: ? - help, Q - select action, (/) - cycle Shift-Dir - straight line, f/p - gnoll sergeant
Aim: a gnoll sergeant, wielding a +0 trident, wearing a +0 ring mail and wearing a +0 buckler (almost dead, 72% to hit)
You shoot an arrow.
The arrow hits the gnoll sergeant but does no damage.
The gnoll sergeant is almost dead.
The gnoll sergeant barely misses you.
Shoot: a) +1 shortbow
Press: ? - help, Q - select action, (/) - cycle Shift-Dir - straight line, f/p - gnoll sergeant
Aim: a gnoll sergeant, wielding a +0 trident, wearing a +0 ring mail and wearing a +0 buckler (almost dead, 72% to hit)
You shoot an arrow. The gnoll sergeant blocks the arrow.
The gnoll sergeant hits you from afar with a +0 trident!
* * * LOW HITPOINT WARNING * * *
The gnoll sergeant barely misses you.
Shoot: a) +1 shortbow
Press: ? - help, Q - select action, (/) - cycle Shift-Dir - straight line, f/p - gnoll sergeant
Aim: a gnoll sergeant, wielding a +0 trident, wearing a +0 ring mail and wearing a +0 buckler (almost dead, 72% to hit)
You shoot an arrow. The gnoll sergeant blocks the arrow.
The gnoll sergeant hits you from afar with a +0 trident!
You die...

#.!#.#.....##.##....#..
#....>............)..#
...#....................
.........................
...#.....................
##........#..............
#.......##..............
....#.....#.........#####
.#..#........g.@...## #.
#...##........##
.....####.......#
#....##..'.......# .....
#..'.......# .....
####.......# ....
........# .........#
###.......#


You could see a gnoll sergeant.

Vanquished Creatures
  2 black bears
  A bullfrog (D:4)
  A gnoll shaman (D:4)
  6 gnolls
  3 adders (D:3)
  2 worms
  A dart slug (D:2)
  6 orcs
  4 bats
  9 endoplasms
  3 giant cockroaches
  6 goblins
  4 hobgoblins
  4 jackals (D:2)
  4 quokkas
  3 ball pythons
  2 frilled lizards
  8 kobolds
  4 rats
73 creatures vanquished.

Notes
Turn   | Place    | Note
-------+----------+-------------------------------------------
     0 | D:1      | quokkamancerX the Demonspawn Hunter began the quest for the
                  | Orb.
     0 | D:1      | Reached XP level 1. HP: 16/16 MP: 1/1
    10 | D:1      | Noticed a merfolk zombie
    17 | D:1      | Noticed a merfolk zombie
    82 | D:1      | Reached skill level 1 in Stealth
   340 | D:1      | Gained mutation: You are partially covered in thin metallic
                  | scales. (AC +2) [demonic ancestry]
   340 | D:1      | Reached XP level 2. HP: 22/22 MP: 2/2
   890 | D:2      | Reached skill level 4 in Bows
  1086 | D:2      | Reached XP level 3. HP: 27/27 MP: 3/3
  1302 | D:2      | Found a faded altar of an unknown god.
  1459 | D:3      | Gained mutation: You have a pair of small antennae on your
                  | head. [demonic ancestry]
  1459 | D:3      | Reached XP level 4. HP: 33/33 MP: 4/4
  1882 | D:3      | Found a shimmering altar of Xom.
  2083 | D:4      | Noticed a bullfrog
  2093 | D:4      | Killed a bullfrog
  2094 | D:4      | Reached skill level 5 in Bows
  2094 | D:4      | Gained mutation: You regenerate a little health from kills.
                  | [demonic ancestry]
  2094 | D:4      | Reached XP level 5. HP: 33/38 MP: 5/5
  2452 | D:4      | Identified the +10 dagger of the Original Sin {drain, rC+
                  | rCorr Str+2 Dex+3}
  2560 | D:4      | Noticed a black bear
  2578 | D:4      | Killed a black bear
  2579 | D:4      | Reached XP level 6. HP: 44/44 MP: 6/6
  2715 | D:5      | Entered Level 5 of the Dungeon
  2851 | D:5      | Slain by a gnoll sergeant

Illustrated notes

Levels and vault maps discovered:
D:1:      shiori_arrival_whats_in_store_for_you, layout_loops_corners
D:2:      layout_rooms, chequers_ecumenical_altar_island, serial_bayou_pond_e
D:3:      layout_rooms, general_overflow_altar, chequers_serial_rivers_small_3,
          minmay_checkerbox
D:4:      layout_rooms
D:5:      layout_cave_pools, serial_gnoll_camp, gnoll_camp_mini_hut,
          gnoll_camp_medium_02, gnoll_camp_huts_basic,
          gnoll_camp_mini_loothouse, serial_bayou_pond_b, dk_noncrumbling_2,
          uniq_eustachio

Skill      XL: |  1  2  3  4  5 |
---------------+----------------+-----
Stealth        | 1 2 3 4 |  4.9
Bows           | 4 5 |  5.8
Fighting       | |  2.0
Dodging        | |  1.7

Action                   |  1- 3 |  4- 6 || total
-------------------------+-------+-------++-------
 Fire: Shortbow          |   103 |   109 ||   212
Evoke: Wand              |       |     2 ||     2
  Use: Scroll            |     4 |     3 ||     7
Armor: Leather armour    |    19 |     7 ||    26
Dodge: Dodged            |    27 |    24 ||    51

Table legend: (Time is in decaauts)
 A = Elapsed time spent in this place.
 B = Non-inter-level travel time spent in this place.
 C = Inter-level travel time spent in this place.
 D = Time resting spent in this place.
 E = Time spent auto-exploring this place.
 F = Levels seen in this place.
 G = Mean time per level.
                   A        B        C        D        E       F      G
               +--------+--------+--------+--------+--------+-----+--------+
         Total |   2929 |   2817 |    112 |    299 |   1618 |   5 |  585.8 |
       Dungeon |   2929 |   2817 |    112 |    299 |   1618 |   5 |  585.8 |
               +--------+--------+--------+--------+--------+-----+--------+

Top non-repeatable levels by time:
     D:1: 879 daAuts
     D:3: 706 daAuts
     D:4: 697 daAuts
     D:2: 526 daAuts
     D:5: 119 daAuts
